Cogmind - Beta 13 @@@ ROGUE MODE // 2024.04.01 @ 02:01:32 Player: lazy_engineer Result: Self-destructed Performance ------------- Evolutions (2) 1000 Regions Visited (6) 1200 Robots Destroyed (19) 95 Value Destroyed (530) 530 Prototype IDs (4) 80 Alien Tech Used (0) 0 Bonus (300) 300 TOTAL SCORE: 3205 Bonus ------- Aligned with FarCom 300 Cogmind --------- Core Integrity 172/550 Matter 86/300 Energy 87/100 System Corruption 0% Temperature Cool (9) Movement Core (200) Ox3 Location -8/Materials Parts ------- > --- POWER (1) -------- (None) > --- PROPULSION (3) --- (None) > --- UTILITY (5) ------ Medium Storage Unit Advanced Weight Redist. System Signal Interpreter > --- WEAPON (2) ------- (None) > --- INVENTORY (10) --- Light Ion Engine Flight Unit Cesium-ion Thruster Terrain Scanner Shield Generator Tractor Beam Autogun Deploy-a-Sentry Deploy-a-Sentry Deploy-a-Sentry Peak State ------------ > --- POWER ------------ Light Nuclear Core > --- PROPULSION ------- Aerolev Unit Aerolev Unit Cesium-ion Thruster > --- UTILITY ---------- Medium Storage Unit Weight Redist. System Experimental Sensor Array Signal Interpreter Shield Generator > --- WEAPON ----------- Autogun > --- INVENTORY -------- Terrain Scanner Shield Generator Tractor Beam Autogun Datajack Deploy-a-Sentry Deploy-a-Sentry Deploy-a-Sentry [Rating: 33] Favorites ----------- Power Light Nuclear Core Engine Light Ion Engine Power Core Light Nuclear Core Propulsion Compact Wheel Wheel Compact Wheel Hover Unit Aerolev Unit Flight Unit Flight Unit Utility Medium Storage Unit Device Shield Generator Storage Medium Storage Unit Processor Signal Interpreter Hackware Hacking Suite Weapon Autogun Ballistic Gun Autogun Special Weapon Mining Laser Special Melee Weapon Datajack Build | -11 -10 -9 -9 -9 -8 -8 ------- Run | Yrd Mat Mat Min Exi Min Mat Slots Evolved 4 | . . 2 . . . 2 Power . | . . . . . . . Propulsion 1 | . . 1 . . . . Utility 3 | . . 1 . . . 2 Weapon . | . . . . . . . Parts Attached 41 | 8 9 6 6 4 . 8 Power 4 | 1 1 1 . 1 . . Engine 1 | 1 . . . . . . Core 3 | . 1 1 . 1 . . Reactor . | . . . . . . . Propulsion 10 | 3 1 3 1 . . 2 Treads . | . . . . . . . Leg . | . . . . . . . Wheel 4 | 3 1 . . . . . Hover 4 | . . 3 1 . . . Flight 2 | . . . . . . 2 Utility 16 | 2 5 1 2 1 . 5 Device 10 | 1 1 1 2 1 . 4 Storage 4 | 1 3 . . . . . Processor 1 | . 1 . . . . . Hackware 1 | . . . . . . 1 Protection . | . . . . . . . Artifact . | . . . . . . . Weapon 11 | 2 2 1 3 2 . 1 Energy Gun . | . . . . . . . Energy Cannon . | . . . . . . . Ballistic Gun 8 | 2 2 . 2 2 . . Ballistic Cannon . | . . . . . . . Launcher . | . . . . . . . Special Weapon 1 | . . . 1 . . . Impact Weapon . | . . . . . . . Slashing Weapon . | . . . . . . . Piercing Weapon . | . . . . . . . Special Melee Weapon 2 | . . 1 . . . 1 Unidentified Prototypes 2 | . . 1 1 . . . Parts Lost 14 | . . . 5 . . 9 Power 2 | . . . 1 . . 1 Propulsion 5 | . . . 2 . . 3 Utility 3 | . . . . . . 3 Weapon 4 | . . . 2 . . 2 Highest Loss Streak 9 | . . . 3 . . 9 To Critical Strikes . | . . . . . . . Average Slot Usage (%) 91 | . 99 92 87 74 88 67 Engine 1 | . 2 . . . . . Core 10 | . 11 9 9 11 11 4 Wheel 15 | . 28 8 . . . . Hover 10 | . . 19 27 22 22 10 Device 9 | . 6 11 11 11 11 18 Storage 12 | . 14 11 11 11 11 9 Processor 9 | . 7 11 11 11 11 9 Ballistic Gun 18 | . 27 11 11 8 22 7 Special Melee Weapon 3 | . . 10 5 . . 1 Naked Turns . | . . . . . . . Heaviest Build 23 | 12 23 21 21 21 21 21 Greatest Support 32 | 32 32 32 24 22 22 25 Greatest Overweight (x) 4 | . . 2 1 . . 4 Average Overweight (x) . | . . . . . . . Largest Inventory Capacity 25 | 8 25 10 10 10 10 10 Average Capacity 9 | 7 9 10 10 10 10 10 Most Carried 10 | 5 10 10 10 10 9 10 Average Carried 8 | 1 8 8 9 9 9 9 Final Capacity 10 | 8 10 10 10 10 10 10 Final Carried 10 | 1 10 8 8 9 9 10 Class Distribution -------------------- 95% | Mutant 4% | Scout Dominant Class ---------------- Mutant | -10/Materials Mutant | -9/Materials Mutant | -9/Mines Mutant | -9/Exiles Mutant | -8/Mines Scout | -8/Materials Resources | -11 -10 -9 -9 -9 -8 -8 ----------- Run | Yrd Mat Mat Min Exi Min Mat Matter Collected 717 | 284 182 95 128 . . 28 Remotely 70 | 70 . . . . . . Salvage Created 625 | 69 237 188 73 . . 58 Parts 49 | 3 14 15 7 . . 10 Haulers Intercepted . | . . . . . . . Recyclers Shooed 2 | . 2 . . . . . Parts Field Recycled . | . . . . . . . Retrieved Matter . | . . . . . . . Parts Self-Destructed . | . . . . . . . Prevented . | . . . . . . . Kills | -11 -10 -9 -9 -9 -8 -8 ------- Run | Yrd Mat Mat Min Exi Min Mat Combat Hostiles Destroyed 18 | . 6 5 3 . . 4 Guns 18 | . 6 5 3 . . 4 Classes Destroyed 4 | 1 1 2 . . . . Recycler 1 | 1 . . . . . . Swarmer 8 | . . 2 2 . . 4 Grunt 8 | . 6 1 1 . . . Sentry 2 | . . 2 . . . . Best Kill Streak 4 | 1 4 2 2 . . 4 Combat Bots Only 4 | . 4 2 2 . . 4 Max Kills in Single Turn 1 | 1 1 1 1 . . 1 Gunslinging . | . . . . . . . Exploded . | . . . . . . . Melee . | . . . . . . . Uniques/NPCs Destroyed . | . . . . . . . Combat | -11 -10 -9 -9 -9 -8 -8 -------- Run | Yrd Mat Mat Min Exi Min Mat Hostile Shots Fired 205 | . 20 33 60 . . 92 Missed 72 | . 5 18 19 . . 30 Damage Taken 1892 | . 175 185 807 . . 725 Core 783 | . 21 95 289 . . 378 Absorbed by Shields 242 | . 63 70 75 . . 34 Regen/Repaired (Parts) 48 | . . 48 . . . . Core Remaining (%) 65 | 100 91 . . . 4 . Volleys Fired 79 | 1 14 22 29 . 1 12 Largest 2 | 2 2 1 2 . 2 1 Hottest 100 | 40 46 23 100 . 46 23 Shots Fired 97 | 2 28 22 31 . 2 12 Gun 95 | 2 28 22 29 . 2 12 Cannon . | . . . . . . . Launcher . | . . . . . . . Special 2 | . . . 2 . . . Kinetic 95 | 2 28 22 29 . 2 12 Thermal 2 | . . . 2 . . . Explosive . | . . . . . . . Electromagnetic . | . . . . . . . Robot Hit Streak 9 | 1 6 4 9 . 2 4 Robot Miss Streak 4 | . 2 4 2 . . 2 Penetration Max . | . . . . . . . Secondary Targets 2 | . 2 . . . . . Max Gunslinging Chain 1 | . 1 . . . . . Shots Hit Robots 67 | 1 22 15 20 . 2 7 Core Hits 29 | 1 10 7 7 . . 4 Critical Kills . | . . . . . . . Critical Parts Destroyed . | . . . . . . . Critical Strikes . | . . . . . . . Melee Attacks 8 | . . 5 1 . . 2 Impact . | . . . . . . . Slashing . | . . . . . . . Piercing . | . . . . . . . Sneak Attacks 3 | . . 3 . . . . Combat Hostiles . | . . . . . . . Follow-up Attacks . | . . . . . . . Damage Inflicted 941 | 15 362 161 282 . 31 90 Guns 941 | 15 362 161 282 . 31 90 Cannons . | . . . . . . . Explosions . | . . . . . . . Melee . | . . . . . . . Ramming . | . . . . . . . Kinetic 941 | 15 362 161 282 . 31 90 Thermal . | . . . . . . . Explosive . | . . . . . . . Electromagnetic . | . . . . . . . Impact . | . . . . . . . Slashing . | . . . . . . . Piercing . | . . . . . . . Highest Corruption 13 | . . . 13 13 13 . Average Corruption 13 | . . . 13 13 13 . Corruption Purged . | . . . . . . . Corruption Blocked . | . . . . . . . Effects 7 | . . . 5 2 . . Matter Fused 2 | . . . 1 1 . . Heat Flow Errors 1 | . . . 1 . . . Energy Discharges 2 | . . . 1 1 . . Data Loss (major) 1 | . . . 1 . . . Misdirections 1 | . . . 1 . . . Overload Shots . | . . . . . . . Overflow Damage . | . . . . . . . Projectiles . | . . . . . . . Explosions . | . . . . . . . Melee . | . . . . . . . Knockbacks . | . . . . . . . Impact . | . . . . . . . Kinetic . | . . . . . . . Secondary . | . . . . . . . Self-Inflicted Damage 85 | . . 85 . . . . Shots 1 | . . 1 . . . . Rammed . | . . . . . . . Targets Rammed . | . . . . . . . Kicked . | . . . . . . . Crushed . | . . . . . . . Highest Temperature 276 | . 64 10 276 . 10 . Average Temperature 40 | . 22 5 70 . 8 . Received Heat Transfer 513 | . 98 16 138 . . 261 Siege Activations . | . . . . . . . Robots Corrupted . | . . . . . . . Combat Hostiles . | . . . . . . . Parts Fried . | . . . . . . . Impact Corruptions . | . . . . . . . Robots Melted . | . . . . . . . Combat Hostiles . | . . . . . . . Parts Melted . | . . . . . . . Heat Transferred . | . . . . . . . Parts Sabotaged . | . . . . . . . Parts Stolen . | . . . . . . . Parts Stripped . | . . . . . . . Power Chain Reactions . | . . . . . . . Alert | -11 -10 -9 -9 -9 -8 -8 ------- Run | Yrd Mat Mat Min Exi Min Mat Peak Influence 276 | 5 224 276 183 . . 155 Initial 107 | . 3 35 107 . . . Average 109 | 2 102 148 145 . . 64 Maximum Alert Level 1 | . 1 1 . . . . Low Security (%) 84 | 100 89 56 100 . 100 100 Level 1 15 | . 10 43 . . . . Level 2 . | . . . . . . . Level 3 . | . . . . . . . Level 4 . | . . . . . . . Level 5 . | . . . . . . . High Security . | . . . . . . . Max Security . | . . . . . . . Squads Dispatched 4 | . 2 1 . . . 1 Investigation 4 | . 2 1 . . . 1 Extermination . | . . . . . . . Reinforcement . | . . . . . . . Assault . | . . . . . . . Garrison . | . . . . . . . Intercept . | . . . . . . . Searches Triggered . | . . . . . . . Construction Impeded . | . . . . . . . Haulers Reinforced . | . . . . . . . Active Scanning Responses . | . . . . . . . Cargo Convoy Interrupts . | . . . . . . . Stealth | -11 -10 -9 -9 -9 -8 -8 --------- Run | Yrd Mat Mat Min Exi Min Mat Distress Signals 3 | . . 1 1 . . 1 Communications Jammed . | . . . . . . . Distress Signals . | . . . . . . . Times Spotted 63 | . 13 13 22 . . 15 Peak Tracking Total 13 | . 4 5 13 . . 11 Tactical Retreats 8 | . 1 1 4 . . 2 Traps | -11 -10 -9 -9 -9 -8 -8 ------- Run | Yrd Mat Mat Min Exi Min Mat Traps Triggered 1 | . 1 . . . . . Indirectly . | . . . . . . . Trap Hack Attempts . | . . . . . . . Triggered . | . . . . . . . Disarmed 4 | . . 4 . . . . Reprogrammed . | . . . . . . . Reused . | . . . . . . . Traps Extracted . | . . . . . . . Installed . | . . . . . . . Triggered . | . . . . . . . Machines | -11 -10 -9 -9 -9 -8 -8 ---------- Run | Yrd Mat Mat Min Exi Min Mat Machines Disabled 3 | . 1 1 . . . 1 Max in Single Turn 1 | . 1 1 . . . 1 Machines Repaired . | . . . . . . . Machines Dismantled . | . . . . . . . Machines Sabotaged . | . . . . . . . Overloaded Fab Kills . | . . . . . . . Hacking | -11 -10 -9 -9 -9 -8 -8 --------- Run | Yrd Mat Mat Min Exi Min Mat Machines Accessed 12 | . 6 4 . . . 2 Terminals 6 | . 4 1 . . . 1 Fabricators . | . . . . . . . Repair Stations 1 | . . 1 . . . . Recycling Units 3 | . 2 1 . . . . Scanalyzers 2 | . . 1 . . . 1 Garrison Access . | . . . . . . . Total Hacks 43 | . 16 19 . . . 8 Successful 26 | . 8 12 . . . 6 Failed 17 | . 8 7 . . . 2 Catastrophic 2 | . 2 . . . . . Database Lockouts . | . . . . . . . Manual 1 | . . . . 1 . . Terminals 21 | . 11 5 . . . 5 Fabricators . | . . . . . . . Repair Stations 3 | . . 3 . . . . Recycling Units 8 | . 5 3 . . . . Scanalyzers 11 | . . 8 . . . 3 Garrison Access . | . . . . . . . Terminal Hacks 12 | . 5 3 . . . 4 Record 2 | . . 1 . . . 1 Robot Analysis 1 | . . . . . . 1 Prototype ID Bank 1 | . 1 . . . . . Emergency Access Points 1 | . 1 . . . . . Alert Level 1 | . . . . . . 1 Locate Traps 2 | . . 1 . . . 1 Disarm Traps 1 | . . 1 . . . . Zone Layout 3 | . 3 . . . . . Fabricator Hacks . | . . . . . . . Repair Station Hacks 2 | . . 2 . . . . Scan Component 1 | . . 1 . . . . Repair 1 | . . 1 . . . . Recycling Unit Hacks 4 | . 3 1 . . . . Report Inventory 3 | . 2 1 . . . . Retrieve Components 1 | . 1 . . . . . Scanalyzer 8 | . . 6 . . . 2 Insert Component 4 | . . 3 . . . 1 Analyze 4 | . . 3 . . . 1 Garrison Access Hacks . | . . . . . . . Unauthorized Hacks . | . . . . . . . Terminals . | . . . . . . . Fabricators . | . . . . . . . Repair Stations . | . . . . . . . Recycling Units . | . . . . . . . Scanalyzers . | . . . . . . . Garrison Access . | . . . . . . . Data Cores Recovered . | . . . . . . . Used . | . . . . . . . Hacking Detections 10 | . 5 3 . . . 2 Full Trace Events 7 | . 3 2 . . . 2 Feedback Events . | . . . . . . . Feedback Blocked . | . . . . . . . Robot Schematics Acquired . | . . . . . . . Robots Built . | . . . . . . . Authchips . | . . . . . . . Time . | . . . . . . . Total Robot Build Rating . | . . . . . . . Part Schematics Acquired 4 | . . 3 . . . 1 Parts Built . | . . . . . . . Authchips . | . . . . . . . Time . | . . . . . . . Total Part Build Rating . | . . . . . . . Parts Repaired 1 | . . 1 . . . . Time 38 | . . 38 . . . . Parts Recycled . | . . . . . . . Recycled Matter . | . . . . . . . Retrieved Matter . | . . . . . . . Retrieved Components 10 | . 10 . . . . . Parts Scanalyzed 4 | . . 3 . . . 1 Part Schematics Acquired 4 | . . 3 . . . 1 Parts Damaged . | . . . . . . . Bothacking | -11 -10 -9 -9 -9 -8 -8 ------------ Run | Yrd Mat Mat Min Exi Min Mat Used RIF Installer . | . . . . . . . Robots Hacked 2 | . . 2 . . . . Non-combat 2 | . . 2 . . . . Combat . | . . . . . . . Robot Hacks Applied 4 | . . 4 . . . . parse_system 2 | . . 2 . . . . no_distress 1 | . . 1 . . . . find_station 1 | . . 1 . . . . Relay Couplers Released . | . . . . . . . Fabnet Peak Effective % . | . . . . . . . Robots Rewired . | . . . . . . . Allies Hacked . | . . . . . . . Hacks Repelled . | . . . . . . . Allies | -11 -10 -9 -9 -9 -8 -8 -------- Run | Yrd Mat Mat Min Exi Min Mat Total Allies 1 | . . . 1 . . . Largest Group 1 | . . . 1 . . . Highest-Rated Group 31 | . . . 31 . . . Highest-Rated Ally 31 | . . . 31 . . . Total Orders . | . . . . . . . Ally Attacks 7 | . . . 7 . . . Total Damage 40 | . . . 40 . . . Kills 2 | . . . 2 . . . Allies Corrupted . | . . . . . . . Allies Melted . | . . . . . . . Intel | -11 -10 -9 -9 -9 -8 -8 ------- Run | Yrd Mat Mat Min Exi Min Mat Robot Analysis Total 1 | . . . . . . 1 Derelict Logs Recovered 1 | . . . 1 . . . Drone Launches . | . . . . . . . Drone Recoveries . | . . . . . . . Exploration | -11 -10 -9 -9 -9 -8 -8 ------------- Run | Yrd Mat Mat Min Exi Min Mat Turns Passed 1417 | 62 653 299 165 109 11 118 Spaces Moved 1449 | 48 553 332 167 217 18 114 Core 20 | 10 . . . . . 10 Treads . | . . . . . . . Legs . | . . . . . . . Wheels 683 | 38 553 92 . . . . Hover 745 | . . 240 167 217 18 103 Flight 1 | . . . . . . 1 Fastest Speed 42 | 50 100 42 42 46 46 46 Average Speed 72 | 86 100 59 49 46 46 62 Slowest Speed 250 | 100 100 170 106 46 46 250 Overloaded Moves . | . . . . . . . Propulsion Burnouts . | . . . . . . . Robots Hopped . | . . . . . . . Cave-ins Triggered 1 | . . . 1 . . . Exploration Rate (%) 29 | 4 75 22 41 41 12 14 Regions Visited 6 Branch Regions 3 Pre-discovered Areas . | . . . . . . . Known Exits Taken 5 | . 1 1 1 1 1 . Unknown Exits Taken 1 | 1 . . . . . . Scrap Searched 3 | . . . 3 . . . Spaces Dug 2 | . . . 2 . . . Terrain Destroyed 28 | . . 26 2 . . . Melee . | . . . . . . . Projectile 2 | . . . 2 . . . AOE 26 | . . 26 . . . . Terrain Rammed . | . . . . . . . Walls Destroyed . | . . . . . . . Machines Disabled . | . . . . . . . Actions | -11 -10 -9 -9 -9 -8 -8 --------- Run | Yrd Mat Mat Min Exi Min Mat Total 1731 | 66 632 417 219 227 18 152 Wait 86 | . 31 39 11 . . 5 Move 1443 | 47 552 331 166 216 17 114 Hop . | . . . . . . . Pick Up 46 | 9 17 7 4 3 . 6 Fast Attach 2 | . . . . . . 2 Attach 30 | 7 4 6 4 4 . 5 Detach 8 | . 1 1 1 3 . 2 Swap 9 | 1 5 . 2 . . 1 Drop 20 | 1 8 6 1 1 . 3 Fire 79 | 1 14 22 29 . 1 12 Melee 8 | . . 5 1 . . 2 Ram . | . . . . . . . Kick . | . . . . . . . Crush . | . . . . . . . Escape Stasis . | . . . . . . . Rewire . | . . . . . . . Trap . | . . . . . . . Miscellaneous . | . . . . . . . Route ------- -11/Scrapyard -10/Materials (discovered 3 exits: *Mat / *Min x2) -9/Materials -9/Mines -9/Exiles -8/Mines -8/Materials History --------- Turn | Location | Event 16 | -11/Scrapyard | Discovered new exit (range 16) 63 | -11/Scrapyard | Entered Materials 300 | -10/Materials | Build established: Mutant 315 | -10/Materials | Discovered new exit (range 12) 380 | -10/Materials | Identified exit to Mines 437 | -10/Materials | Discovered exit to Mines (range 15) 462 | -10/Materials | Discovered new exit (range 16) 476 | -10/Materials | Identified exit to Materials 716 | -10/Materials | Entered another Materials area 716 | -9/Materials | Evolved 2 slots: Propulsion x1, Utility x1 994 | -9/Materials | Repaired Lgt. Nuclear Core 1000 | -9/Materials | Discovered new exit (range 15) 1006 | -9/Materials | Identified exit to Mines 1015 | -9/Materials | Entered Mines 1016 | -9/Mines | Assembled infested the area 1072 | -9/Mines | Learned location of 1 exit from Lower Caves 1087 | -9/Mines | Received a Mining Laser from a helpful Derelict 1104 | -9/Mines | Crushed by falling debris 1104 | -9/Mines | Core integrity fell below 50% 1104 | -9/Mines | System corruption reached 10% 1124 | -9/Mines | Found a damaged Exp. Sensor Array with a note attached 1125 | -9/Mines | Found Prototype Device 1126 | -9/Mines | Identified Exp. Sensor Array 1135 | -9/Mines | Lost 3 parts (2n1w) 1153 | -9/Mines | Core integrity fell below 20% 1169 | -9/Mines | Deemed a non-threat by the Exiles lab entrance 1169 | -9/Mines | Discovered new exit (range 5) 1179 | -9/Mines | Identified exit to Exiles 1180 | -9/Mines | Entered Exiles 1194 | -9/Exiles | Met 8R-AWN 1202 | -9/Exiles | Met EX-HEX 1215 | -9/Exiles | Met EX-BIN 1221 | -9/Exiles | Aligned with FarCom system 1222 | -9/Exiles | Given EX-Vault access code 1232 | -9/Exiles | Opened EX-Vault 1235 | -9/Exiles | Found Deploy-a-Sentry 1239 | -9/Exiles | Found Deploy-a-Sentry 1241 | -9/Exiles | Found Deploy-a-Sentry 1254 | -9/Exiles | Warned to stay clear of 0b10 Research branches 1283 | -9/Exiles | Discovered new exit (range 15) 1288 | -9/Exiles | Identified exit to Mines 1289 | -9/Exiles | Left Exiles lab with Deploy-a-Sentry 1289 | -9/Exiles | Entered Mines 1295 | -8/Mines | Discovered new exit (range 6) 1297 | -8/Mines | Identified exit to Materials 1300 | -8/Mines | Entered Materials 1300 | -8/Materials | Evolved 2 slots: Utility x2 1412 | -8/Materials | Core integrity fell below 50% 1418 | -8/Materials | Self-destructed Last Messages --------------- S-10 Pest destroyed. R-06 Scavenger collects Lgt. Ion Engine. S-10 Pest destroyed. R-06 Scavenger collects Flight Unit. R-06 Scavenger collects Lgt. Assault Rifle. Critical hit (Burn: +37). Acquired Flight Unit. Autogun destroyed. Acquired 17 matter. Flight Unit destroyed. Acquired 11 matter. Jacked Y-45 Defender... Shield Generator destroyed. Acquired Flight Unit. Acquired Lgt. Ion Engine. R-06 Scavenger collects Lgt. Ion Engine. Dropped Flight Unit. Acquired Flight Unit. Datajack destroyed. Hacking Suite destroyed. Map ----- +----------------------------------------------------+ | ?# ! ### ###??????# + """ / ???????????????? | | ?########?# #????????# # """ # ???????????????? | | ??????????# #????????# #??"" #?????????????????? | | ??????????# #????????# #???? #?????????????????? | | ????????###/######???# #???????????????????????? | | ????????# #???# #????????? ##???????????? | | ????????# #???# ####### #???????????? | | #######?# ##### #???????????? | | #?# + ]#???????????? | | """ [#?# !!! ##### #???????????? | | """ #?# !!! #???# ####### #???????????? | | """ #?# !! #???# #??###??? ##???????????? | | #?# #???# #? !!#??????????????????? | | #?# #??## ## !!#??????????????????? | | ###+######/########## [[#??????????????????? | | [[#??????????????????? | | !!#??????????????????? | | !!#??????????????????? | | ##########+########## #####??????????????????? | | ?????????????????######+####?????????????????????? | | ?????????????????# ] ! = #?????????????????????? | | ?????????????????# #?????????????Y???????? | | ?????????????????# """r""" #?????????????????????? | | ?????????????????# "" """%#?????????????????????? | | ?????????????????# "" %"""Y#?????????????????????? | | ?????????????????# """= g@ #?????????????????????? | | ?????????????????# """YgY #?????????????????????? | | ?????????????????# = g #?????????????????????? | | ?????????????????###########?????????????????????? | | ?????????????????????????????????????????????????? | | ?????????????????????????????????????????????????? | | ?????????????????????????????????????????????????? | | ?????????????????????????????????????????????????? | | ?????????????????????????????????????????????????? | | ?????????????????????????????????????????????????? | | ?????????????????????????????????????????????????? | | ?????????????????????????????????????????????????? | | ?????????????????????????????????????????????????? | | ?????????????????????????????????????????????????? | | ??????????????????????????w??????????????????????? | | ?????????????????????????????????????????????????? | | ?????????????????????????????????????????????????? | | ?????????????????????????????????????????????????? | | ?????????????????????????????????????????????????? | | ?????????????????????????????????????????????????? | | ?????????????????????????????????????????????????? | | ?????????????????????????????????????????????????? | | ?????????????????????????????????????????????????? | | ?????????????????????????????????????????????????? | | ?????????????????????????????????????????????????? | +----------------------------------------------------+ Best States ------------- Heat Dissipation 31 Energy Generation 14 Energy Capacity 160 Matter Stores 300 Matter Capacity 300 Sight Range 16 Robot Scan Range 20 Terrain Scan Density 10 Additional Mass Support 9 Evasion (%) 56 Offensive Hacking 10 Item Schematics ----------------- Hardlight Generator | -9/Materials | Scanalyzed Terrain Scanner | -9/Materials | Scanalyzed Aerolev Unit | -9/Materials | Scanalyzed Cesium-ion Thruster | -8/Materials | Scanalyzed Robot Schematics ------------------ None Fabricated ------------ Nothing Alien Tech Used ----------------- None Achievements -------------- Close Call I Survived The Infestation Unlikely Earthworm Challenges ------------ None Game ------ Seed BoreInsulationEdition Manual? 0 Play Time 00:33:32 Cumulative 5.3 hours Start 2024.04.01 @ 01:27:43 End 2024.04.01 @ 02:01:32 Sessions 1 Manual Loads 0 Difficulty Rogue Special Mode None Game No. 8 Rogue 8 Adventurer 0 Explorer 0 Win Type - Total 0 Types 0/0/0/0/0/0/0/0/0 Lore% 11 Gallery% 10 Achievement% 12 Wizard Run 0 Options --------- Layout 1 ASCII 0 Keyboard 0 Movement Mouse Keybinds 0 Fullscreen 1 Font 32/SmallcapsGlow Map View 50x35 Zoom Use 0% Tactical HUD 0 Map Filters NONE Filters NONE Steam 1 RUN: e2b708d0-1b03-40d7-b0be-5d3e13dd1fec